 Dungeon Crawl Stone Soup version 0.17-a0-1262-gd250d98 (webtiles) character file.

140 Volodja the Cudgeler (level 5, 0/41 HPs)
             Began as a Mummy Abyssal Knight on June 6, 2015.
             Was a Believer of Lugonu.
             Killed by a spatial distortion (3 damage)
             ... on level 4 of the Dungeon.
             The game lasted 00:15:22 (5129 turns).

Volodja the Cudgeler (Mummy Abyssal Knight)         Turns: 5129, Time: 00:15:22

Health: 0/41       AC:  3    Str: 15    XL:     5   Next: 2%
Magic:  2/6        EV: 11    Int: 13    God:    Lugonu [**....]
Gold:   115        SH:  0    Dex: 11    Spells: 0 memorised, 4 levels left

rFire  x . .     SeeInvis .     b - +0 hunting sling (flame)
rCold  + . .     Clarity  .     d - +0 leather armour
rNeg   + + +     SustAt   .     (no shield)
rPois  ∞         Gourm    .     (no helmet)
rElec  .         Spirit   .     (no cloak)
rCorr  .         Warding  .     (no gloves)
rMut   .         Stasis   .     (no boots)
MR     .....                    (no amulet)
Stlth  +.........               (no ring)
                                (no ring)

@: not resistant to hostile enchantments, very unstealthy
A: no food or potions, fire vulnerability, cold resistance 1, negative energy
resistance 3, torment resistance, unbreathing
a: Depart the Abyss, Bend Space, Renounce Religion


You were on level 4 of the Dungeon.
You worshipped Lugonu.
Lugonu was pleased with you.
You were not hungry.

You visited 1 branch of the dungeon, and saw 4 of its levels.
You visited the Abyss 1 time.

You collected 115 gold pieces.

Inventory:

Hand weapons
 a - a +1 mace
 b - a +0 hunting sling of flaming (weapon)
Missiles
 g - 228 stones
 s - 7 sling bullets (quivered)
Armour
 d - a +0 leather armour (worn)
 h - a +0 buckler
 l - a +0 scale mail
Jewellery
 p - a cursed -5 ring of slaying {unknown}
 t - a +3 ring of strength {unknown}
Magical devices
 n - a wand of fireball (0)
Scrolls
 c - a scroll of blinking {unknown}
 e - 3 scrolls of enchant armour {unknown}
 i - 5 scrolls of identify {unknown}
 j - 2 scrolls of teleportation {unknown}
 k - a scroll of magic mapping {unknown}
 m - a scroll of remove curse {unknown}
 o - 4 scrolls of immolation {unknown}
 q - a scroll of fear {unknown}
Books
 r - a Grand Grimoire {highlevel, unknown}

   This book is beyond your current level of understanding.

   Spells                             Type                      Level
   a - Monstrous Menagerie            Summoning                    6
   b - Summon Greater Demon           Summoning                    7
   c - Malign Gateway                 Summoning/Translocation      7
   d - Summon Horrible Things         Summoning                    8


   Skills:
 - Level 3.0 Fighting
 + Level 3.9 Maces & Flails
 - Level 0.1 Slings
 - Level 1.5 Armour
 - Level 0.7 Dodging
 + Level 2.4 Invocations


You had 4 spell levels left.
You didn't know any spells.

Dungeon Overview and Level Annotations

Branches:
Dungeon (4/15)             Temple (0/1) D:4

Altars:
Xom
Zin
The Shining One

Annotations:
D:2 Sigmund
D:4 Edmund


Innate Abilities, Weirdness & Mutations

You do not eat or drink.
Your flesh is vulnerable to fire.
You are immune to poison.
Your flesh is cold resistant.
You are immune to negative energy.
You are immune to unholy pain and torment.
You can survive without breathing.


Message History

b - a +0 hunting sling of flaming (weapon)
You see here a stone.
Edmund says, "Everyone always remembers my brother. 'Who's Edmund?' they ask!"
You see here a stone.
Edmund says, "People accused me of being a cutpurse!"
Edmund gestures with his flail.
You don't know any spells.
Autopickup is now off.
Autopickup is now on.
Use which ability? (? or * to list) Space bends around you!
You blink.
* * * LOW HITPOINT WARNING * * *
Edmund hits you with an antimagic dire flail.
* * * LOW HITPOINT WARNING * * *
Use which ability? (? or * to list) Space bends around you!
You blink.
* * * LOW HITPOINT WARNING * * *
Use which ability? (? or * to list) Space bends around you!
You blink.
You die...

#####...)...#.#.##.....#..#.#....
....#.....#.#.#.##.....#..#......
###.#.....###.#.##.....#..#......
#.......#.........##.#..#......
###...#...#.#...........!.#.####'
..........#.###§..........#.# #.
####......#.# #@.#####....#.# #.
........(.#.# #..# #.##.#.####.
....(..(..#.# #.@########........
............# #.............####.
.###.#.##.### #.############# #.
.###......# #.# ## .......####
#.# .....#.# #.# ####(#.# #.#
####.### #.# (....# #.#


You could see Edmund.

Vanquished Creatures
  Ijyb (D:2)
  A worker ant (D:4)
  2 adders
  An ooze (D:1)
  A worm (D:3)
  2 giant geckos (D:1)
  An orc (D:3)
  3 bats
  7 giant cockroaches
  9 hobgoblins
  5 kobolds
  2 quokkas
  A giant gecko skeleton (D:4)
  4 giant newts
  11 goblins
  10 rats
61 creatures vanquished.

Notes
Turn   | Place    | Note
--------------------------------------------------------------
     0 | Abyss:1  | Volodja the Mummy Abyssal Knight began the quest for the Orb.
     0 | Abyss:1  | Reached XP level 1. HP: 18/18 MP: 2/2
    23 | D:1      | Escaped the Abyss
   933 | D:1      | Reached XP level 2. HP: 18/24 MP: 3/3
  1347 | D:1      | Acquired Lugonu's second power
  1495 | D:2      | Reached XP level 3. HP: 24/29 MP: 4/4
  2052 | D:2      | Noticed Sigmund
  2534 | D:2      | Noticed Ijyb
  2566 | D:2      | Killed Ijyb
  2566 | D:2      | Reached XP level 4. HP: 7/35 MP: 5/5
  3685 | D:3      | Found a shimmering altar of Xom.
  3688 | D:3      | Noticed an angel
  3691 | D:3      | Found a glowing silver altar of Zin.
  3730 | D:3      | Found a glowing golden altar of the Shining One.
  4013 | D:4      | Acquired Lugonu's third power
  4095 | D:4      | Reached XP level 5. HP: 38/41 MP: 6/6
  4171 | D:4      | Found a staircase to the Ecumenical Temple.
  4229 | D:4      | Noticed Edmund
  5129 | D:4      | Killed by a spatial distortion

Vault maps used:
D:1:      dpeg_arrival_simpleton_b
D:2:      first_bread, minmay_bad_closet, uniq_iyjb, uniq_sigmund
D:3:      grunt_temple_overflow_order_and_chaos_1, tso_altar
D:4:      temple_fountains, serial_bayou_pond_c, uniq_edmund

Action                   |  1- 3 |  4- 6 || total
-------------------------+-------+-------++-------
Melee: Mace              |   133 |    72 ||   205
 Fire: Hunting sling     |     3 |    21 ||    24
Throw: Stone             |       |     4 ||     4
Invok: Bend Space        |       |     2 ||     2
       Banish            |       |     2 ||     2
Evoke: Wand              |       |     3 ||     3
  Use: Scroll            |       |     1 ||     1
